 Dungeon Crawl Stone Soup version 0.31-a0-1009-g454b1f1e0a (webtiles) character file.

Game seed: 6754226055833566702

5 kae the Vexing (level 1, -1/13 HPs)
             Began as a Demonspawn Enchanter on Nov 15, 2023.
             Slain by a jackal (2 damage)
             ... on level 1 of the Dungeon.
             The game lasted 00:00:09 (49 turns).

kae the Vexing (Demonspawn Enchanter)                 Turns: 49, Time: 00:00:09

Health: -1/13      AC:  2    Str:  8    XL:     1   Next: 66%
Magic:  3/3        EV: 12    Int: 16    God:
Gold:   0          SH:  0    Dex: 13    Spells: 4/4 levels left

rFire   . . .        a - +1 dagger
rCold   . . .        (no shield)
rNeg    . . .        b - +0 robe
rPois   .            (no helmet)
rElec   .            (no cloak)
rCorr   .            (no gloves)
SInv    .            (no boots)
Will    .....        (no amulet)
Stlth   ++           (no ring)
HPRegen 0.22/turn    (no ring)
MPRegen 0.08/turn

%: no passive effects
@: no status effects
A: no striking features
a: no special abilities


You were on level 1 of the Dungeon.
You visited 1 branch of the dungeon, and saw 1 of its levels.


   Skills:
 * Level 1.2 Short Blades
 - Level 1.7 Dodging
 + Level 2.7 Stealth
 + Level 2.0 Spellcasting
 * Level 3.1 Hexes


You had 4 spell levels left.
You didn't know any spells.
Your spell library contained the following spells:

 Spells                   Type           Power      Damage    Failure   Level
 Ensorcelled Hibernation  Hex/Ice        12%        N/A       17%         2
 Confusing Touch          Hex            11%        N/A       17%         3
 Tukima's Dance           Hex            11%        N/A       17%         3
 Dazzling Flash           Conj/Hex       12%        N/A       32%         3

Inventory:

Hand Weapons
 a - a +1 dagger (weapon)
Missiles
 d - a stone
Armour
 b - a +0 robe (worn)
Potions
 c - 2 potions of invisibility

Dungeon Overview and Level Annotations

Branches:
Dungeon (1/15) Zot: 5951

Altars:

......... ......... ####
.......(. ##..# #........
######### #...# #........
##...8...###...# #........
##..8.<.8..##...###........
.#8.........8#...##S[.......
....8.....8.@h...#..#######.
.#8.........8#.....##
##..8...8..##...###
##...8...###...# #########
#...# ##..# ####


You could see a jackal.


Message History

The bat moves out of view.
A jackal comes into view.
The frilled lizard hisses angrily.
The frilled lizard barely misses you.
You see here a +0 ring mail.
You hit the frilled lizard.
You kill the frilled lizard!
The bat closely misses you.
A ball python comes into view.
The bat barely misses you.
The ball python hisses angrily.
You hit the ball python.
You kill the ball python!
The jackal barks!
The bat barely misses you. The bat hits you but does no damage.
Your Short Blades skill increases to level 1!
The jackal barks!
You hit the bat but do no damage. The bat hits you but does no damage.
Unknown command.
The jackal attacks as it pursues you!
The jackal bites you but does no damage.
The bat hits you. The jackal attacks as it pursues you! The jackal misses you.
The bat hits you but does no damage.
The jackal bites you but does no damage. 😕 HP[-1]
You take 1 damage, and now have 12/13 hp.
The bat closely misses you. The jackal attacks as it pursues you!
The jackal bites you but does no damage. 😎 HP[+1]
Your hp is fully restored (13).
You miss the bat. The bat hits you. The bat completely misses you.
The jackal misses you.
You barely miss the bat. The bat closely misses you.
The jackal closely misses you. x2; The bat completely misses you. 😕 HP[-1]
You take 1 damage, and now have 12/13 hp.
You closely miss the bat. The bat closely misses you.
The jackal barely misses you. The bat misses you.
You closely miss the bat. The jackal barely misses you.
The bat hits you but does no damage.
Unknown command.
You hit the bat.
You kill the bat!
The jackal completely misses you. The jackal barely misses you.
The jackal bites you but does no damage.
You closely miss the jackal. The jackal closely misses you.
The jackal barely misses you. 😎 HP[+1]
Your hp is fully restored (13).
You closely miss the jackal. The jackal bites you. x2
The jackal closely misses you.
You hit the jackal. The jackal misses you. The jackal bites you. x2 😮 HP[-6]
You take 6 damage, and now have 7/13 hp.
MASSIVE DAMAGE!! (PAUSE)
The jackal barely misses you. 😮 HP[+1]
The jackal bites you. 😮 HP[-1]
You take 1 damage, and now have 7/13 hp.
You swing at nothing.
You hit the jackal.
You kill the jackal!
The ball python closely misses you. The ball python grabs you.
The ball python constricts you. 😮 HP[+1]
You closely miss the ball python.
The ball python bites you but does no damage.
The ball python constricts you. 😮 HP[-1]
You take 1 damage, and now have 7/13 hp.
You closely miss the ball python. The ball python closely misses you.
The ball python constricts you.
You hit the ball python.
You kill the ball python!
The jackal barely misses you.
You barely miss the jackal. The jackal bites you.
* * * LOW HITPOINT WARNING * * *
You hit the jackal. The jackal misses you. 😨 HP[-2]
You take 2 damage, and now have 5/13 hp.
You closely miss the jackal. The jackal bites you.
* * * LOW HITPOINT WARNING * * *
The jackal closely misses you.
You hit the jackal. The jackal misses you. 😨 HP[-1]
You take 1 damage, and now have 4/13 hp.
You closely miss the jackal.
The jackal bites you but does no damage.
You hit the jackal.
You kill the jackal! 😨 HP[+1]
You hit the jackal. The jackal closely misses you.
You barely miss the jackal. The jackal bites you.
* * * LOW HITPOINT WARNING * * *
The jackal bites you.
* * * LOW HITPOINT WARNING * * *
You barely miss the jackal. The jackal bites you.
You die...

Skill      XL: |  1 |
---------------+----+-----
Short Blades   | 1 |  1.2
Dodging        | |  1.7
Stealth        | |  2.7
Spellcasting   | |  2.0
Hexes          | |  3.1

Action                     || total
---------------------------++-------
  Melee: Dagger            ||    24
 Armour: Robe              ||    22
  Dodge: Dodged            ||    30

Levels and vault maps discovered:
D:1:      erik_arrival_orb_chamber, layout_basic, ebering_ecumenical_altar_rust,
          serial_shops, shop_fountains

Notes
Turn   | Place    | Note
-------+----------+-------------------------------------------
     0 | D:1      | kae the Demonspawn Enchanter began the quest for the Orb.
     0 | D:1      | Reached XP level 1. HP: 13/13 MP: 3/3
     0 | D:1      | magus.rc [v1.11.3]
    19 | D:1      | Reached skill level 1 in Short Blades
    48 | D:1      | HP: 1/13 [jackal (3)]
    49 | D:1      | Slain by a jackal

Vanquished Creatures
  2 jackals (D:1)
  2 ball pythons (D:1)
  A bat (D:1)
  A frilled lizard (D:1)
6 creatures vanquished.

Table legend:
 A = Non-vault XP
 B = Vault XP
 C = Vault XP percentage of total XP
 D = Non-vault monster count
 E = Vault monster count
 F = Vault count percentage of total count
                 A         B        C        D         E       F
            +---------+---------+-------+---------+---------+-------
      Total |       8 |       0 |   0.0 |       6 |       0 |   0.0
            +---------+---------+-------+---------+---------+-------
        D:1 |       8 |       0 |   0.0 |       6 |       0 |   0.0
            +---------+---------+-------+---------+---------+-------

Skill      XL: |  1 |
---------------+----+-----
Short Blades   | 1 |  1.2
Dodging        | |  1.7
Stealth        | |  2.7
Spellcasting   | |  2.0
Hexes          | |  3.1

Action                     || total
---------------------------++-------
  Melee: Dagger            ||    24
 Armour: Robe              ||    22
  Dodge: Dodged            ||    30

Illustrated notes

Table legend:
 A = Kills in this place as a percentage of kills in the entire game.
 B = Kills by you in this place as a percentage of kills by you in the entire game.
 C = Kills by friends in this place as a percentage of kills by friends in the entire game.
 D = Other kills in this place as a percentage of other kills in the entire game.
 E = Experience gained in this place as a percentage of experience gained in the entire game.
 F = Experience gained in this place divided by the number of levels of this place that you have seen.
                   A       B       C       D       E      F
               +-------+-------+-------+-------+-------+----------------------
         Total | 100.0 | 100.0 |   N/A |   N/A | 100.0 |   8.0
       Dungeon | 100.0 | 100.0 |   N/A |   N/A | 100.0 |   8.0
               +-------+-------+-------+-------+-------+----------------------

Table legend: (Time is in decaauts)
 A = Elapsed time spent in this place.
 B = Non-inter-level travel time spent in this place.
 C = Inter-level travel time spent in this place.
 D = Time resting spent in this place.
 E = Time spent auto-exploring this place.
 F = Levels seen in this place.
 G = Mean time per level.
                   A        B        C        D        E       F      G
               +--------+--------+--------+--------+--------+-----+--------+
         Total |     47 |     47 |      0 |      0 |     11 |   1 |   47.0 |
       Dungeon |     47 |     47 |      0 |      0 |     11 |   1 |   47.0 |
               +--------+--------+--------+--------+--------+-----+--------+

Top non-repeatable levels by time:
     D:1: 47 daAuts
